 Dungeon Crawl Stone Soup version 0.30-a0-723-gc1506a1cf0 (webtiles) character file.

Game seed: 6856509416203458676

160 kae the Digger (level 5, 0/28 HPs)
             Began as a Gargoyle Earth Elementalist on Jan 28, 2023.
             Slain by an orc
             ... wielding a +0 mace
              (2 damage)
             ... on level 3 of the Dungeon.
             The game lasted 00:02:08 (2257 turns).

kae the Digger (Gargoyle Earth Elementalist)        Turns: 2257, Time: 00:02:08

Health: 0/28       AC:  6    Str: 11    XL:     5   Next: 41%
Magic:  2/9        EV: 11    Int: 18    God:
Gold:   230        SH:  0    Dex: 10    Spells: 4/10 levels left

rFire   . . .      SeeInvis .    (no weapon)
rCold   . . .      Faith    .    (no shield)
rNeg    + . .      Spirit   .    a - +0 robe rPois โˆž Reflect .
                                 (no helmet)
rElec   +          Harm     .    (no cloak)
rCorr   .          Rampage  .    (no gloves)
Will    .....                    (no boots)
Stlth   ++                       (no amulet)
HPRegen 0.24/turn                (no ring)
MPRegen 0.11/turn                (no ring)

@: no status effects
A: sickness immunity, AC +4, negative energy resistance 1, electricity
resistance, torment resistance 1, petrification resistance
a: no special abilities


You were on level 3 of the Dungeon.
You visited 1 branch of the dungeon, and saw 4 of its levels.

You collected 230 gold pieces.


Innate Abilities, Weirdness & Mutations

You are immune to sickness and miasma.
Your stone body is resilient. (AC +4)
You are immune to poison.
You resist negative energy. (rN+)
You are resistant to electric shocks. (rElec)
You are resistant to unholy torment.
You are immune to petrification.


   Skills:
 - Level 1.5 Dodging
 - Level 2.1 Stealth
 + Level 3.0 Spellcasting
 * Level 2.7 Conjurations
 - Level 0.7 Transmutations
 * Level 5.5 Earth Magic


You had 4 spell levels left.
You knew the following spells:

 Your Spells              Type           Power      Damage    Failure   Level
a - Sandblast             Erth           44%        2d11      1%          1
b - Passwall              Tmut/Erth      10%        N/A       7%          2
c - Stone Arrow           Conj/Erth      34%        3d9       9%          3

Your spell library contained the following spells:

 Spells                   Type           Power      Damage    Failure   Level
 Magic Dart               Conj           48%        1d5       5%          1
 Searing Ray              Conj           24%        2d5       9%          2
 Summon Small Mammal      Summ           8%         N/A       16%         1
 Petrify                  Tmut/Erth      13%        N/A       41%         4
 Call Canine Familiar     Summ           2%         N/A       43%         3
 Summon Guardian Golem    Hex/Summ       2%         N/A       43%         3
 Fulminant Prism          Conj/Hex       3%         3d5       67%         4

Inventory:

Missiles
 c - 33 stones
Armour
 a - a +0 robe (worn)
Jewellery
 E - a +5 ring of evasion
   (You found it on level 3 of the Dungeon)
 L - a ring of flight
   (You found it on level 2 of the Dungeon)
 O - a +4 ring of protection
   (You found it on level 3 of the Dungeon)
Wands
 n - a wand of paralysis (8)
   (You found it on level 3 of the Dungeon)
 o - a wand of flame (13)
   (You found it on level 3 of the Dungeon)
Scrolls
 d - a scroll of enchant armour {unknown}
 e - a scroll of teleportation {unknown}
 f - a scroll of enchant weapon {unknown}
 g - a scroll of amnesia {unknown}
 h - a scroll of immolation {!r!r}
 i - 2 scrolls of identify {unknown}
 j - a scroll of blinking {unknown}
 q - a scroll of vulnerability {unknown}
 r - 3 scrolls of butterflies {unknown}
 s - a scroll of brand weapon {unknown}
 u - a scroll of fog {unknown}
Potions
 b - a potion of magic
 k - 4 potions of cancellation {unknown}
 l - 2 potions of ambrosia {unknown}
 m - 3 potions of heal wounds {unknown}
 p - 2 potions of curing {unknown}
 t - a potion of mutation {unknown}
 v - a potion of brilliance {unknown}

Dungeon Overview and Level Annotations

Branches:
Dungeon (4/15) Zot: 21703
 Temple: D:4-7

Altars:
Uskayaw

Shops:
D:2

[ #.# #..##.#....###.#.####. #.#
#..##................. #.#
#............#.######.
#.#########...........##.# #.
#........##.#####....###.######.
########.##.#
#.....รท...........
#.##.###.###..###........
#.##...))).........######
#.##.###@###..####.###### #.##.#
#o###..# #.......
#.##.###...<..###########
#.##.....................
#.######.################
#.................# #
#################.# # #.# #
#.#######


You could see an orc.


Message History

There is a stone staircase leading down here.
You climb downwards.
The orc shouts! x4
There is a stone staircase leading up here.
There are monsters nearby!
The orc hits you but does no damage. The orc hits you with a +0 club.
The orc closely misses you. The orc barely misses you.
You climb upwards.
There is a stone staircase leading down here.
Casting: Sandblast (safe; 1% risk of failure)
Confirm with . or Enter, or press ? or * to list all spells.
Aiming: Sandblast (safe; 1% risk of failure)
Press: ? - help, Shift-Dir - straight line, f - orc
Aim: an orc, wielding a +0 short sword and wearing a +0 ring mail (85% to hit)
The blast of sand misses the orc.
The orc hits you but does no damage. The orc misses you.
The orc hits you with a +0 club.
The orc closely misses you. ๐Ÿ˜• HP[-2] MP[-1]
You take 2 damage, and now have 26/28 hp.
You lost 1 mp, and now have 8/9 mp.
Casting: Sandblast (safe; 1% risk of failure)
Confirm with . or Enter, or press ? or * to list all spells.
Aiming: Sandblast (safe; 1% risk of failure)
Press: ? - help, Shift-Dir - straight line, f/p - orc
Aim: an orc, wielding a +0 short sword and wearing a +0 ring mail (85% to hit)
The blast of sand hits the orc but does no damage.
The orc completely misses you. The orc hits you with a +0 hand axe.
The orc hits you but does no damage. x2; The orc hits you with a +0 mace.
* * * LOW HITPOINT WARNING * * *
The orc barely misses you. The orc hits you but does no damage.
The orc barely misses you. ๐Ÿ˜จ HP[-12] MP[-1]
You take 12 damage, and now have 14/28 hp.
MASSIVE DAMAGE!! (PAUSE)
You lost 1 mp, and now have 7/9 mp.
Casting: Sandblast (safe; 1% risk of failure)
Confirm with . or Enter, or press ? or * to list all spells.
Aiming: Sandblast (safe; 1% risk of failure)
Press: ? - help, Shift-Dir - straight line, f/p - orc
Aim: an orc, wielding a +0 short sword and wearing a +0 ring mail (85% to hit)
The blast of sand hits the orc!
You kill the orc!
The orc hits you but does no damage. The orc barely misses you.
The orc closely misses you. ๐Ÿ˜ฎ HP[+1] MP[-1]
You lost 1 mp, and now have 6/9 mp.
Casting: Sandblast (safe; 1% risk of failure)
Confirm with . or Enter, or press ? or * to list all spells.
Aiming: Sandblast (safe; 1% risk of failure)
Press: ? - help, Shift-Dir - straight line, f - orc
Aim: an orc, wielding a +0 hand axe (83% to hit)
The blast of sand hits the orc!
You kill the orc!
The orc hits you but does no damage. The orc hits you with a +0 club.
* * * LOW HITPOINT WARNING * * *
The orc hits you with a +0 mace.
* * * LOW HITPOINT WARNING * * *
The orc hits you but does no damage.
Casting: Sandblast (safe; 1% risk of failure)
Confirm with . or Enter, or press ? or * to list all spells.
Aiming: Sandblast (safe; 1% risk of failure)
Press: ? - help, Shift-Dir - straight line, f - orc
Aim: an orc, wielding a +0 club, wearing a +0 chain mail and quivering boomerangs (87% to hit)
The blast of sand hits the orc but does no damage.
The orc closely misses you.
The orc barely misses you. ๐Ÿ˜ฑ HP[-8] MP[-2]
You take 8 damage, and now have 7/28 hp.
MASSIVE DAMAGE!! (PAUSE)
You lost 2 mp, and now have 4/9 mp.
Casting: Sandblast (safe; 1% risk of failure)
Confirm with . or Enter, or press ? or * to list all spells.
Aiming: Sandblast (safe; 1% risk of failure)
Press: ? - help, Shift-Dir - straight line, f/p - orc
Aim: an orc, wielding a +0 club, wearing a +0 chain mail and quivering boomerangs (87% to hit)
The blast of sand hits the orc.
The orc barely misses you. The orc hits you but does no damage.
The orc closely misses you.
The orc hits you but does no damage. ๐Ÿ˜จ HP[+1]
Casting: Sandblast (safe; 1% risk of failure)
Confirm with . or Enter, or press ? or * to list all spells.
Aiming: Sandblast (safe; 1% risk of failure)
Press: ? - help, Shift-Dir - straight line, f/p - orc
Aim: an orc, wielding a +0 club, wearing a +0 chain mail and quivering boomerangs (heavily wounded, 87% to hit)
The blast of sand hits the orc.
The orc hits you with a +0 mace.
* * * LOW HITPOINT WARNING * * *
The orc hits you with a +0 club.
* * * LOW HITPOINT WARNING * * *
๐Ÿ˜ฑ HP[-6] MP[-1]
You take 6 damage, and now have 2/28 hp.
MASSIVE DAMAGE!! (PAUSE)
You lost 1 mp, and now have 3/9 mp.
Casting: Sandblast (safe; 1% risk of failure)
Confirm with . or Enter, or press ? or * to list all spells.
Aiming: Sandblast (safe; 1% risk of failure)
Press: ? - help, Shift-Dir - straight line, f/p - orc
Aim: an orc, wielding a +0 club, wearing a +0 chain mail and quivering boomerangs (almost dead, 87% to hit)
The blast of sand hits the orc.
You kill the orc!
The orc hits you with a +0 mace.
You die...

Skill      XL: |  1  2  3  4  5 |
---------------+----------------+-----
Earth Magic    | 4 5 |  5.5
Conjurations   | 2 |  2.7
Spellcasting   | 3 |  3.0
Dodging        | |  1.5
Stealth        | |  2.1
Transmutations | |  0.7

Action                     |  1- 3 |  4- 6 || total
---------------------------+-------+-------++-------
  Melee: Unarmed           |    17 |    71 ||    88
         Punch             |       |     1 ||     1
   Cast: Sandblast         |    40 |    37 ||    77
 Armour: Robe              |    12 |    41 ||    53
  Dodge: Dodged            |    20 |    81 ||   101

Levels and vault maps discovered:
D:1:      dpeg_arrival_three_same_balls, layout_loops_ring,
          hellmonk_ecumenical_altar_blasted
D:2:      layout_rooms, serial_shops, shop_statue
D:3:      minmay_roachtagon, layout_loops_ring, mainiacjoe_overflow_brackets
D:4:      layout_loops_ring, mainiacjoe_overflow_surrounded_room,
          mainiacjoe_overflow_24_doors

Notes
Turn   | Place    | Note
-------+----------+-------------------------------------------
     0 | D:1      | kae the Gargoyle Earth Elementalist began the quest for the
                  | Orb.
     0 | D:1      | Reached XP level 1. HP: 10/10 MP: 3/3
     0 | D:1      | magus.rc [v1.11.3]
   166 | D:1      | Reached skill level 4 in Earth Magic
   183 | D:1      | Reached XP level 2. HP: 15/15 MP: 1/5
   233 | D:1      | You pick up a book of Callings and begin reading...
   233 | D:1      | You add the spells Summon Small Mammal, Call Canine
                  | Familiar and Summon Guardian Golem to your library.
   485 | D:1      | Found a faded altar of an unknown god.
   611 | D:1      | Reached XP level 3. HP: 19/19 MP: 3/6
   614 | D:1      | Learned a level 2 spell: Passwall
   618 | D:1      | Learned a level 3 spell: Stone Arrow
  1104 | D:2      | Found Usiled's Armour Boutique.
  1517 | D:3      | Noticed a phantom
  1520 | D:3      | Killed a phantom
  1521 | D:3      | Reached skill level 2 in Conjurations
  1521 | D:3      | Reached skill level 5 in Earth Magic
  1521 | D:3      | Reached XP level 4. HP: 24/24 MP: 2/8
  1552 | D:3      | Found a hide-covered altar of Uskayaw.
  1680 | D:3      | Reached XP level 5. HP: 28/28 MP: 5/9
  1861 | D:3      | Reached skill level 3 in Spellcasting
  2177 | D:3      | You pick up a book of Conjurations and begin reading...
  2177 | D:3      | You add the spells Magic Dart, Searing Ray and Fulminant
                  | Prism to your library.
  2253 | D:3      | HP: 7/28 [orc/+0 mace (6)]
  2256 | D:3      | HP: 2/28 [orc/+0 club (4)]
  2257 | D:3      | Slain by an orc

Vanquished Creatures
  A phantom (D:3)
  3 adders (D:3)
  A worm (D:2)
  A dart slug (D:1)
  3 orcs (D:3)
  4 endoplasms
  12 giant cockroaches
  6 goblins
  2 hobgoblins
  3 jackals (D:1)
  5 kobolds
  A quokka (D:2)
  A ball python (D:1)
  3 bats (D:1)
  A frilled lizard (D:3)
  6 rats
53 creatures vanquished.

Table legend:
 A = Non-vault XP
 B = Vault XP
 C = Vault XP percentage of total XP
 D = Non-vault monster count
 E = Vault monster count
 F = Vault count percentage of total count
                 A         B        C        D         E       F
            +---------+---------+-------+---------+---------+-------
      Total |     210 |      22 |   9.5 |      42 |      11 |  20.8
            +---------+---------+-------+---------+---------+-------
        D:1 |      34 |       0 |   0.0 |      19 |       0 |   0.0
        D:2 |      14 |       0 |   0.0 |       7 |       0 |   0.0
        D:3 |     162 |      22 |  12.0 |      16 |      11 |  40.7
            +---------+---------+-------+---------+---------+-------

Illustrated notes

Table legend:
 A = Kills in this place as a percentage of kills in entire the game.
 B = Kills by you in this place as a percentage of kills by you in the entire game.
 C = Kills by friends in this place as a percentage of kills by friends in the entire game.
 D = Other kills in this place as a percentage of other kills in the entire game.
 E = Experience gained in this place as a percentage of experience gained in the entire game.
 F = Experience gained in this place divided by the number of levels of this place that you have seen.
                   A       B       C       D       E      F
               +-------+-------+-------+-------+-------+----------------------
         Total | 100.0 | 100.0 |   N/A |   N/A | 100.0 |  58.0
       Dungeon | 100.0 | 100.0 |   N/A |   N/A | 100.0 |  58.0
               +-------+-------+-------+-------+-------+----------------------

Table legend: (Time is in decaauts)
 A = Elapsed time spent in this place.
 B = Non-inter-level travel time spent in this place.
 C = Inter-level travel time spent in this place.
 D = Time resting spent in this place.
 E = Time spent auto-exploring this place.
 F = Levels seen in this place.
 G = Mean time per level.
                   A        B        C        D        E       F      G
               +--------+--------+--------+--------+--------+-----+--------+
         Total |   2294 |   2209 |     85 |      0 |   1857 |   4 |  573.5 |
       Dungeon |   2294 |   2209 |     85 |      0 |   1857 |   4 |  573.5 |
               +--------+--------+--------+--------+--------+-----+--------+

Top non-repeatable levels by time:
     D:3: 892 daAuts
     D:1: 838 daAuts
     D:2: 562 daAuts
     D:4: 1 daAuts
